Map: Prion Terraces

Players

PartinG - Winner!

  • Race: Protoss Protoss

HuK

  • Race: Protoss Protoss
  • League: Grandmaster

Event: DreamHack ROCCAT LotV Championship

VOD

Have the link to the VOD?

Description

Time

  • Played on: Nov. 26, 2015, 11:12 a.m.
  • Length: 6:21

All games in this series

Show
View Real Time Build Order
Export as new Build Order

PartinG Protoss - Winner!

Build Orders: Oracle Opening 

Get SALT Encoding   

  12  0:00  Probe (Chrono Boost)  
  13  0:11  Probe (Chrono Boost)  
  14  0:17  Pylon  
  14  0:22  Probe (Chrono Boost)  
  15  0:35  Probe (Chrono Boost)  
  16  0:39  Gateway  
  16  0:43  Assimilator  
  16  0:46  Probe (Chrono Boost)  
  17  0:52  Assimilator  
  18  0:57  Probe (Chrono Boost)  
  18  1:05  Gateway  
  18  1:09  Probe (Chrono Boost)  
  19  1:19  Probe (Chrono Boost)  
  20  1:25  Cybernetics Core  
  20  1:30  Probe (Chrono Boost)  
  21  1:35  Pylon  
  21  1:40  Probe (Chrono Boost)  
  22  1:51  Probe (Chrono Boost)  
  23  2:02  Stalker x2  
  23  2:03  Warp Gate (Chrono Boost)  
  29  2:22  Pylon  
  29  2:25  Probe (Chrono Boost)  
  30  2:37  Stalker (Chrono Boost)  
  30  2:40  Stalker (Chrono Boost)  
  30  2:43  Stargate  
  32  2:50  Pylon  
  32  2:53  Gateway  
  32  3:06  Gateway  
  32  3:20  Pylon  
  31  3:28  Oracle (Chrono Boost)  
  36  3:48  Pylon  
  34  4:00  Stalker x3  
  40  4:03  Oracle (Chrono Boost)  
  40  4:06  Adept  
  43  4:23  Stalker  
  39  4:27  Stalker  
  39  4:28  Zealot  
  43  4:35  Stalker  
  43  4:47  Stalker  
  43  4:49  Zealot  
  47  4:56  Stalker  
  47  5:04  Stalker  
  47  5:16  Stalker  
  49  5:22  Stalker  
  39  5:35  Stalker  
  41  5:43  Zealot x2  
  41  5:48  Stalker  
  47  6:00  Stalker  
  47  6:05  Stalker  
  47  6:14  Stalker  
Show
View Real Time Build Order
Export as new Build Order

HuK Protoss 

Build Orders:  

Get SALT Encoding   

  12  0:00  Probe (Chrono Boost)  
  13  0:11  Probe (Chrono Boost)  
  14  0:17  Pylon  
  14  0:22  Probe (Chrono Boost)  
  15  0:36  Probe (Chrono Boost)  
  15  0:37  Gateway  
  16  0:43  Assimilator  
  16  0:46  Probe (Chrono Boost)  
  17  0:51  Assimilator  
  18  0:57  Probe (Chrono Boost)  
  18  1:00  Pylon  
  18  1:07  Probe (Chrono Boost)  
  19  1:18  Probe (Chrono Boost)  
  20  1:25  Cybernetics Core  
  20  1:28  Probe (Chrono Boost)  
  21  1:39  Probe (Chrono Boost)  
  22  1:49  Nexus  
  22  1:53  Probe (Chrono Boost)  
  23  1:57  Warp Gate (Chrono Boost)  
  23  2:04  Mothership Core (Chrono Boost)  
  25  2:09  Adept  
  27  2:22  Probe (Chrono Boost)  
  28  2:32  Probe (Chrono Boost)  
  28  2:34  Gateway  
  29  2:37  Gateway  
  28  2:45  Gateway  
  28  2:58  Pylon  
  28  3:00  Pylon  
  28  3:04  Stalker (Chrono Boost)  
  30  3:56  Stalker x4  
  30  3:58  Probe x2  
  40  4:06  Pylon  
  40  4:10  Probe  
  30  4:24  Probe  
  30  4:27  Probe  
  30  4:30  Stalker x3  
  37  4:32  Stalker  
  39  4:41  Probe  
  40  4:55  Sentry  
  37  5:00  Zealot x3  
  41  5:07  Probe  
  37  5:19  Probe  
  31  5:32  Probe x2  
  29  5:44  Probe  
  29  5:48  Stalker  
  30  5:56  Probe  
  30  5:57  Probe  
  30  6:08  Probe  
  30  6:09  Probe  

Tags
 
Add a new tag
Caveats
  • Supply blocks, unpowered buildings, or Contaminate may cause inaccurate times.
  • Supply counts are checked every 10 seconds.